 Dungeon Crawl Stone Soup version 0.29-a0-359-g541a27f54d (webtiles) character file.

Game seed: 11765628507571426363

144987 Zeldest the Brawler (level 16, -3/168 (172) HPs)
             Began as a Troll Fighter on Apr 28, 2022.
             Was the Champion of Jiyva.
             Slain by a pharaoh ant (17 damage)
             ... on level 1 of the Spider Nest.
             The game lasted 00:40:33 (19957 turns).

Zeldest the Brawler (Troll Fighter)                Turns: 19957, Time: 00:40:34

HP:   -3/168 (172)  AC: 16    Str: 38    XL:     16   Next: 56%
MP:   0/15          EV:  8    Int:  8    God:    Jiyva [******]
Gold: 2218          SH:  7    Dex: 11    Spells: 15/15 levels left

rFire   + . .      SeeInvis +     - Unarmed
rCold   + + +      Faith    .   b - +0 kite shield
rNeg    + + .      Spirit   +   a - +0 ice dragon scales
rPois   .          Reflect  .   (helmet restricted)
rElec   +          Harm     .   O - scarf {rC+ rF+}
rCorr   +          Rampage  .   (gloves unavailable)
Will    ++...                   (boots unavailable)
Stlth   +.........              y - amulet of Ropliadu {Spirit rElec}
HPRegen 2.78/turn               W - ring of Jehunost {Fire rN++ Str-2 Int+2 SInv}
MPRegen 0.64/turn               m - ring of Cuj Watt {rC+ Will+ Str+6}

@: studying Hexes, lightly drained
A: large, unfitting armour, claws 3, regeneration 1, shaggy fur 1, tough skin 1,
talons 2, agile 1, clever 1, cold resistance 3, wild magic 2, gelatinous body 1,
translucent skin 1, tendrils, jelly sensing items, MP-powered wands, engulf
}: 1/15 runes: slimy
a: Renounce Religion, Oozemancy, Slimify


You were on level 1 of the Spider Nest.
You worshipped Jiyva.
Jiyva was exalted by your worship.
You visited 7 branches of the dungeon, and saw 31 of its levels.
You also visited: Sewer and Ice Cave.

You collected 2260 gold pieces.
You spent 42 gold pieces at shops.

Inventory:

Hand Weapons
 S - the +7 lajatang of Order {silver, rMut}
   (You found it in an ice cave)

   It inflicts extra damage upon those it strikes, and deals substantially
   increased damage to chaotic, mutated and magically transformed beings.
   rMut:      It protects you from mutation.
 U - the +5 trident of Guc Iki {venom, Contam rElec rF+++ rC+ rCorr}
   (You found it on level 5 of the Pits of Slime)

   It poisons the flesh of those it strikes.
   rF:        It renders you almost immune to fire.
   rC:        It protects you from cold.
   rElec:     It insulates you from electricity.
   Contam:    It causes magical contamination when unequipped.
   rCorr:     It protects you from acid and corrosion.
Missiles
 F - 9 throwing nets (quivered)
Armour
 a - +0 ice dragon scales (worn)
 b - a +0 kite shield (worn)
 D - a +0 troll leather armour
 G - a +0 cloak
 I - the +2 robe "Hatiufi" {rC+ Regen+}
   (You found it on level 6 of the Dungeon)

   rC:        It protects you from cold.
   Regen:     It increases your rate of health regeneration.
 O - a scarf of resistance (worn)
Jewellery
 m - the ring of Cuj Watt (right claw) {rC+ Will+ Str+6}
   (You found it on level 5 of the Lair of Beasts)

   [ring of strength]

   Str:       It affects your strength (+6).
   rC:        It protects you from cold.
   Will:      It increases your willpower.
 x - a ring of flight
 y - the amulet of Ropliadu (around neck) {Spirit rElec}
   (You found it on level 6 of the Dungeon)

   [amulet of guardian spirit]

   It causes incoming damage to be divided between your reserves of health and
   magic.
   rElec:     It insulates you from electricity.
 B - a +4 ring of evasion
 L - a ring of fire
 Q - a ring of willpower
 R - a ring of ice
 T - the ring of the Mage {Wiz Archmagi}
   (You found it on level 5 of the Pits of Slime)

   [ring of wizardry]

   It improves your spell success rate.
   Archmagi:  It increases the power of your magical spells.
 W - the ring of Jehunost (left claw) {Fire rN++ Str-2 Int+2 SInv}
   (You found it on level 13 of the Dungeon)

   [ring of fire]

   It enhances your fire magic.
   Str:       It affects your strength (-2).
   Int:       It affects your intelligence (+2).
   rF:        It protects you from fire.
   rC:        It makes you vulnerable to cold.
   rN:        It greatly protects you from negative energy.
   SInv:      It lets you see invisible.
Wands
 f - a wand of charming (3)
 n - a wand of flame (13)
 q - a wand of polymorph (14)
 u - a wand of digging (8)
 C - a wand of acid (1)
 E - a wand of iceblast (7)
 P - a wand of mindburst (7)
Scrolls
 e - a scroll of torment
 g - 2 scrolls of immolation
 h - 3 scrolls of vulnerability
 k - 6 scrolls of teleportation
 l - 2 scrolls of silence
 o - a scroll of amnesia
 t - 3 scrolls of magic mapping
 A - 6 scrolls of noise
 H - a scroll of fear
 J - 4 scrolls of enchant armour
 M - 3 scrolls of fog
 N - 3 scrolls of identify
 X - a scroll of holy word
Potions
 c - 2 potions of might
 d - 2 potions of magic
 i - 11 potions of curing
 j - 6 potions of brilliance
 p - 5 potions of flight
 r - 6 potions of mutation
 s - a potion of cancellation
 v - 3 potions of resistance
 w - 3 potions of berserk rage
 V - a potion of lignification
 Z - a potion of ambrosia
Miscellaneous
 K - a phantom mirror


   Skills:
 + Level 14.2 Fighting
 + Level 11.4 Armour
 - Level 2.4 Dodging
 - Level 2.4 Shields
 + Level 18.9 Unarmed Combat
 + Level 8.8 Evocations


You had 15 spell levels left.
You didn't know any spells.
Your spell library contained the following spells:

 Spells                   Type           Power      Damage    Failure   Level
 Animate Skeleton         Necr           0%         N/A       95%         1
 Freeze                   Ice            0%         1d3       95%         1
 Pain                     Necr           0%         1d4       95%         1
 Sting                    Tmut/Pois      0%         1d3       95%         1
 Blink                    Tloc           0%         N/A       99%         2
 Poisonous Vapours        Pois/Air       0%         N/A       99%         2
 Sublimation of Blood     Necr           0%         N/A       99%         2
 Wereblood                Tmut           0%         N/A       99%         2
 Frozen Ramparts          Ice            0%         1d2       100%        3
 Gell's Gravitas          Tloc           0%         N/A       100%        3
 Lesser Beckoning         Tloc           0%         N/A       100%        3
 Vampiric Draining        Necr           0%         2d6       100%        3
 Cause Fear               Hex            0%         N/A       100%        4
 Hailstorm                Conj/Ice       0%         3d3       100%        4
 Ice Form                 Ice/Tmut       0%         N/A       100%        4
 Olgreb's Toxic Radiance  Pois           0%         N/A       100%        4
 Alistair's Intoxication  Tmut/Pois      0%         N/A       100%        5
 Freezing Cloud           Conj/Ice/Air   0%         6-21      100%        5
 Manifold Assault         Tloc           0%         N/A       100%        5
 Summon Forest            Summ/Tloc      0%         N/A       100%        5
 Simulacrum               Ice/Necr       0%         N/A       100%        6
 Dragon Form              Tmut           0%         N/A       100%        7
 Summon Hydra             Summ           0%         N/A       100%        7
 Dragon's Call            Summ           0%         N/A       100%        9
 Polar Vortex             Ice            0%         N/A       100%        9


Dungeon Overview and Level Annotations

Branches:
Dungeon (15/15)            Temple (1/1) D:6            Lair (6/6) D:8
  Swamp (0/4) Lair:3       Spider (1/4) Lair:3        Slime (5/5) Lair:5
    Orc (2/2) D:12            Elf (0/3) Orc:2        Vaults (0/5) D:14
 Depths (1/4) D:15          Sewer (visited)           IceCv (visited)

Altars:
Ashenzari
Dithmenos
Elyvilon
Fedhas
Okawaru
Qazlal
Zin
Beogh
Jiyva

Shops:
D:5 *   D:13 !   Orc:1 (   Orc:2 *:([[

Portals:
Ziggurat: Depths:1

Annotations:
D:4 Dowan
Slime:5 Royal Jelly


Innate Abilities, Weirdness & Mutations

You are too large for most types of armour.
You have claws for hands.
Your natural rate of healing is unusually fast.
You are covered in fur. (AC +1)
You have tough skin. (AC +1)
You have razor-sharp toenails.
You are agile. (Dex +2)
Your mind is acute. (Int +2)
Your flesh is almost immune to the effects of cold. (rC+++)
Your spells are harder to cast, but more powerful.
Your rubbery body absorbs attacks. (AC +1, EV +1)
Your translucent skin slightly reduces your foes' accuracy. (Stealth+)
You are covered in slimy tendrils that may disarm your opponents.
You have a small jelly attached to you that senses nearby items.
You expend magic power (3 MP) to strengthen your wands.
Your melee attacks may engulf your foes in ooze.


Message History

You hear an angry hiss. x7; You hear a hideous shriek!
You hear an angry hiss. x5
You claw the demonic crawler! You claw the demonic crawler.
The demonic crawler is moderately wounded.
The demonic crawler hits you.
* * * LOW HITPOINT WARNING * * *
The demonic crawler hits you but does no damage.
The demonic crawler barely misses you. The pharaoh ant barely misses you.
A redback comes into view.
You mangle the demonic crawler!!
You engulf the demonic crawler in ooze!
You claw the demonic crawler.
The demonic crawler is severely wounded.
The demonic crawler is asphyxiated!
The pharaoh ant bites you!!
* * * LOW HITPOINT WARNING * * *
You partially resist.
You feel drained. The demonic crawler closely misses you.
The demonic crawler hits you but does no damage.
You block the demonic crawler's attack.
You feel much better.
The demonic crawler is asphyxiated!
A redback comes into view.
The pharaoh ant bites you!
* * * LOW HITPOINT WARNING * * *
The demonic crawler barely misses you. x2
The demonic crawler closely misses you. The pharaoh ant bites you!
* * * LOW HITPOINT WARNING * * *
You partially resist.
You feel drained.
A tarantella comes into view.
The tarantella hisses angrily.
As you read the scroll of fear, it crumbles to dust.
You assume a fearsome visage.
The pharaoh ant is unaffected.
The tarantella looks frightened!
The redback looks frightened!
The culicivora looks frightened!
The demonic crawler looks frightened!
The demonic crawler is asphyxiated!
You kill the demonic crawler!
The pharaoh ant bites you!
* * * LOW HITPOINT WARNING * * *
You partially resist.
You feel drained.
The pharaoh ant attacks as you move away!
You block the pharaoh ant's attack. The pharaoh ant bites you!!
* * * LOW HITPOINT WARNING * * *
You feel better. The pharaoh ant bites you!!
You die...

#..s .### #..#####....#
..#..#s#.#...#
.....#..[.. #####
##.....# ...# #....### ∆
## ##..#######s..s# ###.
#...#...##†B#.....# ..##
#...###..##....@##s...##
(.. # #..#.....###.†.#
.##.... #..
#.#..##..#.......# s.
#... ..
#.......##....#.## ..
... . ...#....#..#..###
#s. ## # #..###(.#.## ..
# ###..#....###
#....#..#..# #
##...####### #


You could see a culicivora (fleeing), a pharaoh ant and a redback.

Vanquished Creatures
  Nikola (Depths:1)
  Jorgrun (D:14)
  A deep elf blademaster (Depths:1)
  A lich (Depths:1)
  A fire giant (Depths:1)
  2 frost giants
  A stone giant (Depths:1)
  A vampire knight (Depths:1)
  4 dire elephants (Lair:6)
  The ghost of RandomusNamus the Carver, a journeyman MiCA of Okawaru (D:13)
  3 ettins
  The ghost of Antichthon the Unseen, a journeyman OpBr of Wu Jian (Lair:2)
  4 vault guards (D:14)
  2 boulder beetles
  A spriggan zombie (Depths:1)
  3 hydras
  4 ice dragons
  4 ogre magi (Orc:2)
  2 catoblepae
  Erica (Orc:1)
  6 centaur warriors
  14 two-headed ogres
  A death knight (D:15)
  A deep troll earth mage (Depths:1)
  A deep troll shaman (Depths:1)
  11 death yaks
  A vampire mage (Depths:1)
  An orc high priest (Orc:2)
  An iron troll (Depths:1)
  A spectral anaconda (Lair:6)
  An orb spider (Spider:1)
  A steelbarb worm (Spider:1)
  2 deep trolls (Depths:1)
  Pikel (D:7)
  An obsidian statue (Lair:6)
  2 deep elf archers (Depths:1)
  6 necromancers
  A wizard (D:15)
  6 orc knights (Depths:1)
  3 wolf spiders
  2 cyclopes
  19 ugly things
  2 orc sorcerers
  A stone giant zombie (Depths:1)
  A deep elf pyromancer (D:14)
  A will-o-the-wisp (Lair:3)
  A manticore (D:15)
  17 elephants
  5 black mambas
  A frost giant skeleton (Depths:1)
  2 ice statues
  3 gargoyles
  A stone giant skeleton (Depths:1)
  15 cane toads
  A dire elephant zombie (Lair:6)
  A dire elephant skeleton (Lair:6)
  A tengu conjurer (D:14)
  3 yaktaurs (D:15)
  2 demonic crawlers (Spider:1)
  2 rime drakes
  12 komodo dragons
  5 ice devils
  15 polar bears
  7 trolls
  3 tarantellas (Spider:1)
  A hornet (D:11)
  15 blink frogs
  An ettin zombie (Depths:1)
  Prince Ribbit (D:6)
  A spectral elephant (Lair:6)
  11 dream sheep
  2 jumping spiders (Spider:1)
  6 centaur simulacra
  A shadow (D:12)
  28 yaks
  7 wyverns
  3 spriggan skeletons (Depths:1)
  A water elemental (D:12)
  4 wraiths
  12 basilisks
  A death yak simulacrum (Lair:6)
  A steam dragon (D:6)
  Grum (D:8)
  Menkaure (D:7)
  18 vampire mosquitoes
  A spectral cane toad (Lair:6)
  A spriggan simulacrum (Depths:1)
  A warg (Orc:2)
  2 acid dragons
  Duvessa (D:4)
  16 water moccasins
  15 orc warriors
  A meliai simulacrum (D:13)
  6 ice beasts
  2 black bears
  2 sky beasts (D:7)
  2 elephant zombies (Lair:6)
  5 centaurs
  27 ogres
  29 wolves
  2 elephant skeletons (Lair:6)
  A phantom (D:6)
  A lemure (D:6)
  4 kobold brigands
  9 scorpions
  A necrophage (D:6)
  16 bullfrogs
  A cane toad simulacrum (Lair:6)
  A wight (D:8)
  3 elephant simulacra (Lair:6)
  10 killer bees
  3 howler monkeys
  8 electric eels
  6 hounds
  A jelly (D:6)
  15 orc priests
  A gnoll shaman (D:4)
  Ijyb (D:5)
  4 iguanas
  Natasha (thrice) (D:3)
  21 orc wizards
  13 adders
  8 gnolls
  A river rat (Sewer)
  2 shadow imps
  3 white imps
  4 worms
  57 orcs
  7 ball pythons
  2 bats (D:3)
  5 endoplasms
  6 giant cockroaches
  4 goblins
  6 hobgoblins
  A jackal (Sewer)
  2 quokkas (D:3)
  6 frilled lizards
  18 kobolds
  8 rats
716 creatures vanquished.

Vanquished Creatures (collateral kills)
  An orc warlord (Depths:1)
  A stone giant (Depths:1)
  A hydra (D:11)
  A deep elf archer (Depths:1)
  A cyclops (D:15)
5 creatures vanquished.

Vanquished Creatures (others)
  3 azure jellies (Depths:1)
  A centaur warrior (D:14)
  A tengu warrior (D:15)
  A deep elf knight (Depths:1)
  A deep troll (Depths:1)
  3 orc knights (Depths:1)
  A cyclops (D:9)
  4 slime creatures
  A wyvern (Lair:5)
  2 water moccasins
  3 ogres (Orc:2)
  3 centaurs (D:14)
  An orc priest (Orc:2)
  A gnoll shaman (D:9)
  46 jellies
  2 adders (Lair:3)
  3 gnolls (D:9)
  4 orcs
  A quokka (Depths:1)
  A bush (Lair:6)
  2 foxfires (Lair:3)
  110 fungi
  246 plants
  26 withered plants (Lair:6)
467 creatures vanquished.

Grand Total: 1188 creatures vanquished

Notes
Turn   | Place    | Note
-------+----------+-------------------------------------------
     0 | D:1      | Zeldest the Troll Fighter began the quest for the Orb.
     0 | D:1      | Reached XP level 1. HP: 22/22 MP: 0/0
    56 | D:1      | You fall into a shaft and drop 1 floor!
    93 | D:2      | Reached XP level 2. HP: 17/29 MP: 1/1
   210 | D:2      | Reached skill level 3 in Unarmed Combat
   503 | D:2      | Reached XP level 3. HP: 35/36 MP: 2/2
   706 | D:3      | Noticed Natasha
   711 | D:3      | Killed Natasha
   891 | D:3      | Noticed Natasha
   900 | D:3      | Killed Natasha
   901 | D:3      | Reached XP level 4. HP: 25/45 MP: 3/3
   912 | D:3      | Reached skill level 4 in Unarmed Combat
  1057 | D:3      | Noticed Natasha
  1063 | D:3      | Killed Natasha
  1344 | D:4      | Reached XP level 5. HP: 38/53 MP: 4/4
  1362 | D:4      | Found a glowing drain.
  1381 | D:4      | Reached skill level 5 in Unarmed Combat
  1382 | Sewer    | Entered a sewer
  1392 | Sewer    | Reached XP level 6. HP: 62/62 MP: 5/5
  1493 | Sewer    | Found a white marble altar of Elyvilon.
  1538 | D:4      | Noticed Duvessa
  1552 | D:4      | Killed Duvessa
  1553 | D:4      | Reached skill level 6 in Unarmed Combat
  1704 | D:4      | Reached XP level 7. HP: 61/70 MP: 6/6
  1864 | D:4      | Noticed Dowan
  1894 | D:5      | Entered Level 5 of the Dungeon
  2112 | D:5      | Found Baruyh's General Store.
  2130 | D:5      | Reached skill level 7 in Unarmed Combat
  2183 | D:5      | Reached skill level 5 in Fighting
  2302 | D:5      | Reached XP level 8. HP: 80/80 MP: 7/7
  2348 | D:5      | Noticed Ijyb
  2352 | D:5      | Killed Ijyb
  2668 | D:5      | Reached skill level 8 in Unarmed Combat
  3106 | D:6      | Identified the +2 robe "Hatiufi" {rC+ Regen+}
  3123 | D:6      | Identified the amulet of Ropliadu {Spirit rElec}
  3196 | D:6      | Reached skill level 9 in Unarmed Combat
  3408 | D:6      | Found a staircase to the Ecumenical Temple.
  3415 | D:6      | Identified the +0 scale mail of the Tundras {*Slow Int+9
                  | SInv}
  3501 | Temple   | Entered the Ecumenical Temple
  3692 | D:7      | Reached XP level 9. HP: 89/89 MP: 8/8
  3789 | D:7      | Noticed Prince Ribbit
  3791 | D:7      | Noticed Pikel
  3806 | D:7      | Noticed Menkaure
  3910 | D:7      | Killed Pikel
  3911 | D:7      | Reached skill level 10 in Unarmed Combat
  3960 | D:6      | Killed Prince Ribbit
  3987 | D:7      | Killed Menkaure
  4114 | D:7      | Reached skill level 11 in Unarmed Combat
  4659 | D:7      | Found a blossoming altar of Fedhas.
  4659 | D:7      | Found a shadowy altar of Dithmenos.
  4698 | D:8      | Noticed Grum
  4849 | D:8      | Killed Grum
  4880 | D:8      | Reached XP level 10. HP: 86/102 MP: 7/9
  4890 | D:8      | Reached skill level 12 in Unarmed Combat
  5100 | D:8      | Found a staircase to the Lair.
  5196 | Lair:1   | Entered Level 1 of the Lair of Beasts
  5204 | Lair:1   | Noticed a cane toad
  5214 | Lair:1   | Killed a cane toad
  5223 | Lair:1   | Noticed a black mamba
  5228 | Lair:1   | Killed a black mamba
  5229 | Lair:1   | Reached skill level 13 in Unarmed Combat
  5231 | Lair:1   | Noticed a cane toad
  5241 | Lair:1   | Killed a cane toad
  5375 | Lair:1   | Noticed a cane toad
  5379 | Lair:1   | Killed a cane toad
  5410 | Lair:1   | Noticed a cane toad
  5415 | Lair:1   | Killed a cane toad
  5422 | Lair:1   | Reached XP level 11. HP: 78/113 MP: 6/10
  5479 | Lair:1   | Reached skill level 14 in Unarmed Combat
  5552 | Lair:1   | Reached skill level 1 in Armour
  6064 | Lair:3   | Noticed a seven-headed hydra
  6113 | Lair:3   | Killed a seven-headed hydra
  6246 | Lair:3   | Found a hole to the Spider Nest.
  6552 | Lair:5   | Found a viscous altar of Jiyva.
  6552 | Lair:5   | Found a staircase to the Slime Pits.
  6580 | Lair:5   | Became a worshipper of Jiyva Joxumori the Shapeless
  6735 | Lair:5   | Reached skill level 10 in Fighting
  6735 | Lair:5   | Reached skill level 15 in Unarmed Combat
  6744 | Lair:5   | Reached XP level 12. HP: 119/126 MP: 9/11
  6815 | Lair:4   | Reached * piety under Jiyva
  6845 | Lair:3   | Found a staircase to the Swamp.
  7468 | Lair:3   | Identified the +8 quarterstaff "Irghen" {freeze, *Noise
                  | rF++ Dex+2}
  7480 | Lair:4   | Reached ** piety under Jiyva
  7525 | Lair:4   | Reached skill level 5 in Armour
  7561 | Lair:2   | Noticed a catoblepas
  7566 | Lair:2   | Killed a catoblepas
  7596 | Lair:2   | Noticed Antichthon's ghost (journeyman OpBr)
  7602 | Lair:2   | Found a runed translucent gate.
  7602 | Lair:2   | Found a runed translucent gate.
  7656 | Lair:2   | Found a runed translucent gate.
  7798 | Lair:2   | Reached *** piety under Jiyva
  7877 | Lair:2   | Gained mutation: You passively map a small area around you.
                  | [Jiyva's grace]
  7877 | Lair:2   | Gained mutation: You passively map the area around you.
                  | [Jiyva's grace]
  7877 | Lair:2   | Gained mutation: You passively map a large area around you.
                  | [Jiyva's grace]
  7877 | Lair:2   | Gained mutation: You are partially covered in iridescent
                  | scales. (AC +2) [Jiyva's grace]
  8173 | Lair:2   | Killed Antichthon's ghost
  8697 | Lair:5   | Reached **** piety under Jiyva
  8761 | Lair:5   | Identified the ring of Cuj Watt {rC+ Will+ Str+6}
  8793 | Lair:5   | Reached skill level 1 in Evocations
  9253 | Lair:6   | Entered Level 6 of the Lair of Beasts
  9258 | Lair:6   | Noticed an eight-headed hydra
  9259 | Lair:6   | Noticed a death yak
  9260 | Lair:6   | Noticed a death yak
  9260 | Lair:6   | Noticed a death yak
  9260 | Lair:6   | Noticed a death yak
  9276 | Lair:5   | Killed an eight-headed hydra
  9454 | Lair:6   | Killed a death yak
  9455 | Lair:6   | Reached skill level 16 in Unarmed Combat
  9455 | Lair:6   | Reached XP level 13. HP: 137/137 MP: 12/12
  9633 | Lair:6   | Reached ***** piety under Jiyva
  9873 | Lair:6   | Noticed a dire elephant
  9930 | Lair:6   | Noticed a dire elephant
  9945 | Lair:6   | Killed a dire elephant
  9953 | Lair:6   | Killed a dire elephant
  9982 | Lair:6   | Identified the +9 arbalest "Yreishre" {flame, rElec rN+
                  | Dex-2}
 10092 | Lair:6   | Noticed a dire elephant
 10092 | Lair:6   | Noticed a dire elephant
 10100 | Lair:6   | Killed a dire elephant
 10104 | Lair:6   | Killed a dire elephant
 10220 | Lair:6   | Lost mutation: You are partially covered in iridescent
                  | scales. (AC +2) [Jiyva's grace]
 10220 | Lair:6   | Lost mutation: You passively map a large area around you.
                  | [Jiyva's grace]
 10220 | Lair:6   | Lost mutation: You passively map the area around you.
                  | [Jiyva's grace]
 10220 | Lair:6   | Gained mutation: You are agile. (Dex +2) [Jiyva's grace]
 10220 | Lair:6   | Gained mutation: You are very agile. (Dex +4) [Jiyva's
                  | grace]
 10220 | Lair:6   | Gained mutation: You expend magic power (3 MP) to
                  | strengthen your wands. [Jiyva's grace]
 10220 | Lair:6   | Gained mutation: Your mind is acute. (Int +2) [Jiyva's
                  | grace]
 10236 | Lair:6   | Reached XP level 14. HP: 149/149 MP: 13/13
 11460 | D:9      | Reached skill level 5 in Evocations
 11509 | D:10     | Entered Level 10 of the Dungeon
 12014 | D:11     | Gained mutation: Your translucent skin slightly reduces
                  | your foes' accuracy. (Stealth+) [Jiyva's grace]
 12014 | D:11     | Gained mutation: Your translucent skin reduces your foes'
                  | accuracy. (Stealth+) [Jiyva's grace]
 12014 | D:11     | Gained mutation: Your transparent skin significantly
                  | reduces your foes' accuracy. (Stealth+) [Jiyva's grace]
 12014 | D:11     | Gained mutation: Your rubbery body absorbs attacks. (AC +1,
                  | EV +1) [Jiyva's grace]
 12016 | D:11     | Reached ****** piety under Jiyva
 12607 | D:11     | Reached skill level 17 in Unarmed Combat
 12910 | D:12     | Found a staircase to the Orcish Mines.
 13002 | D:12     | Found a frozen archway.
 13017 | IceCv    | Entered an ice cave
 13356 | IceCv    | Noticed a frost giant
 13387 | IceCv    | Killed a frost giant
 13439 | IceCv    | Found the +7 lajatang of Order {silver, rMut}
 13905 | D:12     | Lost mutation: Your transparent skin significantly reduces
                  | your foes' accuracy. (Stealth+) [Jiyva's grace]
 13905 | D:12     | Gained mutation: Your melee attacks may engulf your foes in
                  | ooze. [Jiyva's grace]
 13905 | D:12     | Gained mutation: Your flesh is cold resistant. (rC+)
                  | [Jiyva's grace]
 13905 | D:12     | Gained mutation: Your flesh is very cold resistant. (rC++)
                  | [Jiyva's grace]
 13905 | D:12     | Gained mutation: Your flesh is almost immune to the effects
                  | of cold. (rC+++) [Jiyva's grace]
 14650 | Slime:1  | Entered Level 1 of the Pits of Slime
 14650 | Slime:1  | Noticed a rockslime
 14650 | Slime:1  | Noticed a rockslime
 14669 | Slime:4  | Noticed an acid blob
 14691 | Slime:4  | Noticed an acid blob
 14695 | Slime:4  | You fall into a shaft and drop 1 floor!
 14695 | Slime:5  | Entered Level 5 of the Pits of Slime
 14695 | Slime:5  | Noticed a quicksilver ooze
 14710 | Slime:5  | Noticed an acid blob
 14711 | Slime:5  | Found a viscous altar of Jiyva.
 14711 | Slime:5  | Noticed an acid blob
 14712 | Slime:5  | Noticed an acid blob
 14712 | Slime:5  | Noticed a rockslime
 14712 | Slime:5  | Noticed the Royal Jelly
 14712 | Slime:5  | Found the ring of the Mage {Wiz Archmagi}
 14713 | Slime:5  | Noticed an acid blob
 14713 | Slime:5  | Noticed an acid blob
 14715 | Slime:5  | Noticed an acid blob
 14718 | Slime:5  | Got a slimy rune of Zot
 14720 | Slime:5  | Noticed an acid blob
 14735 | Slime:5  | Identified the +5 trident of Guc Iki {venom, Contam rElec
                  | rF+++ rC+ rCorr}
 14737 | Slime:5  | Identified the +3 leather armour of Inquiry {Stlth+}
 14739 | Slime:5  | Got Sif Muna's Catalogue of the Nine Knives
 14750 | Slime:5  | Got the Handbook of Vitriolic Ice
 14752 | Slime:5  | Identified the +1 robe of the Barracuda {Dex+5}
 14763 | Slime:5  | Noticed a quicksilver ooze
 14802 | Slime:5  | Noticed an acid blob
 14805 | Slime:5  | Noticed a rockslime
 14812 | Slime:5  | Noticed an acid blob
 14825 | Slime:4  | Noticed an azure jelly
 14835 | Slime:3  | Noticed an acid blob
 14835 | Slime:3  | Noticed an azure jelly
 14835 | Slime:3  | Noticed an acid blob
 14843 | Slime:3  | Noticed an acid blob
 14864 | Slime:3  | Noticed a quicksilver ooze
 14896 | Slime:3  | Noticed an acid blob
 14906 | Slime:3  | Noticed a quicksilver ooze
 15017 | Slime:3  | Noticed an azure jelly
 15253 | Slime:1  | Noticed an azure jelly
 15521 | D:13     | Found a runed translucent gate.
 15521 | D:13     | Found a runed translucent gate.
 15522 | D:13     | Found a runed translucent gate.
 15598 | D:13     | Noticed RandomusNamus's ghost (journeyman MiCA)
 15696 | D:13     | Found Cowkai's Distillery.
 15702 | D:13     | Bought a potion of lignification for 42 gold pieces
 16019 | D:13     | Killed RandomusNamus's ghost
 16064 | D:13     | Got the ring of Jehunost {Fire rN++ Str-2 Int+2 SInv}
 16233 | D:14     | Reached XP level 15. HP: 158/158 MP: 14/14
 16358 | D:14     | Noticed Jorgrun
 16367 | D:14     | Killed Jorgrun
 16413 | D:14     | Found a gate to the Vaults.
 16698 | D:15     | Entered Level 15 of the Dungeon
 16731 | D:15     | Lost mutation: You passively map a small area around you.
                  | [Jiyva's grace]
 16731 | D:15     | Lost mutation: Your translucent skin reduces your foes'
                  | accuracy. (Stealth+) [Jiyva's grace]
 16731 | D:15     | Gained mutation: You have a small jelly attached to you
                  | that senses nearby items. [Jiyva's grace]
 16731 | D:15     | Gained mutation: Your spells are a little harder to cast,
                  | but a little more powerful. [Jiyva's grace]
 16731 | D:15     | Gained mutation: Your spells are harder to cast, but more
                  | powerful. [Jiyva's grace]
 16731 | D:15     | Gained mutation: Your spells are much harder to cast, but
                  | much more powerful. [Jiyva's grace]
 16785 | D:15     | Reached skill level 10 in Armour
 16874 | D:15     | Reached skill level 18 in Unarmed Combat
 16874 | D:15     | Found a staircase to the Depths.
 17492 | Orc:1    | Entered Level 1 of the Orcish Mines
 17501 | Orc:1    | Noticed Erica
 17514 | Orc:1    | Killed Erica
 17785 | Orc:1    | Found Fiut Lim's Antique Weapon Emporium.
 17854 | Orc:2    | Entered Level 2 of the Orcish Mines
 17878 | Orc:2    | Paralysed by an orc sorcerer for 6 turns
 18326 | Orc:2    | Reached XP level 16. HP: 159/171 MP: 15/15
 18346 | Orc:2    | Found Daosec's General Store.
 18418 | Orc:2    | Found Guokes's Armour Shoppe.
 18418 | Orc:2    | Found Cayrytou's Book Shop.
 18419 | Orc:2    | Found Ifyvuy's Armour Boutique.
 18419 | Orc:2    | Found Nisamn's Antique Weapon Shoppe.
 18434 | Orc:2    | Found a staircase to the Elven Halls.
 18481 | Orc:2    | Lost mutation: You are very agile. (Dex +4) [Jiyva's grace]
 18481 | Orc:2    | Lost mutation: Your spells are much harder to cast, but
                  | much more powerful. [Jiyva's grace]
 18481 | Orc:2    | Lost mutation: You expend magic power (3 MP) to strengthen
                  | your wands. [Jiyva's grace]
 18481 | Orc:2    | Gained mutation: You are covered in slimy tendrils that may
                  | disarm your opponents. [Jiyva's grace]
 18481 | Orc:2    | Gained mutation: You expend magic power (3 MP) to
                  | strengthen your wands. [Jiyva's grace]
 18481 | Orc:2    | Gained mutation: You have sharp toenails. [Jiyva's grace]
 18481 | Orc:2    | Gained mutation: You have razor-sharp toenails. [Jiyva's
                  | grace]
 18746 | Depths:1 | Entered Level 1 of the Depths
 18781 | Depths:1 | Noticed Nikola
 18790 | Depths:1 | Killed Nikola
 18956 | Depths:1 | Noticed a deep elf blademaster
 18963 | Depths:1 | Killed a deep elf blademaster
 19003 | Depths:1 | Identified the +9 falchion "Zaqut" {vorpal, rElec}
 19033 | Depths:1 | Found an iron altar of Okawaru.
 19202 | Depths:1 | Noticed a lich
 19273 | Depths:1 | Found a white marble altar of Elyvilon.
 19474 | Depths:1 | Killed a lich
 19603 | Depths:1 | Found a one-way gateway to a ziggurat.
 19604 | Depths:1 | Noticed a walking frostbound tome
 19857 | Spider:1 | Entered Level 1 of the Spider Nest
 19956 | Spider:1 | HP: 4/168 [pharaoh ant (22)]
 19957 | Spider:1 | Slain by a pharaoh ant

Illustrated notes

Levels and vault maps discovered:
D:1:      amcnicky_arrival_single_pillar, layout_loops_ring, serial_forest,
          infiniplex_forest_straight_4, infiniplex_forest_end_3,
          infiniplex_forest_lined_room_3, infiniplex_forest_lined_3,
          infiniplex_forest_clump_small, infiniplex_forest_fountain,
          infiniplex_forest_zigzag_1, dreamdust_ecumenical_altar_drowned_temple,
          serial_bayou_ford_a, lexackson_kobold_supper
D:2:      layout_basic, grunt_decor_arrowhead, serial_bayou_lagoon_b
D:3:      layout_loops_cross, uniq_natasha
D:4:      layout_loops_ring, cheibrodos_sewer_entry_drain, uniq_duvessa
D:5:      layout_layer_cave, serial_shops, shop, uniq_ijyb
D:6:      layout_rooms, minmay_temple_entry_antechambers, serial_bayou_crossing
D:7:      hellmonk_destroyed_diamonds, layout_basic,
          gammafunk_temple_overflow_elements, uniq_menkaure, uniq_pikel,
          uniq_prince_ribbit1
D:8:      layout_cave_pools, erik_lair_island, hangedman_minor_gate_pass,
          uniq_grum
D:9:      layout_loops_ring
D:10:     layout_roguey, kennysheep_generic_room_14
D:11:     layout_basic, grunt_ministairs_2, st_stairs_6, minmay_misc_feat_plants
D:12:     layout_roguey, orc_0_dummy, portal_ice_cave_entry_animals_and_master,
          chequers_big_river, nicolae_water_bricks
D:13:     layout_long_grid, serial_shops, nicolae_shop_crystal,
          gammafunk_ghost_icy
D:14:     layout_rooms, lightli_vaults_fourway_checkpoint,
          kennysheep_big_empty_room, minmay_misc_feat_tiny, uniq_jorgrun
D:15:     grunt_enter_depths_hoard, layout_gridville, minivault_23
Temple:   mainiacjoe_temple_cubbyholes
Lair:1:   layout_big_grid, grunt_megastairs_4
Lair:2:   layout_roguey, gammafunk_ghost_split
Lair:3:   minmay_lair_venomous_thicket, layout_gridlike,
          minmay_swamp_entry_wisps, nicolae_spider_entry_non_spiders,
          serial_bayou, serial_bayou_pond_a, serial_bayou_lagoon_a,
          serial_bayou_pond_a, serial_bayou_pond_b, serial_bayou_pond_a,
          grunt_forest_small_clearing_treed
Lair:4:   layout_long_grid, chequers_serial_rivers_micro_a,
          beast_lair_carwin_11, serial_bayou_shore_a
Lair:5:   layout_regular_city, slime_altar_1, ice2_lemuel, grunt_megastairs_5
Lair:6:   due_jungle_book, layout_regular_city
Spider:1: layout_spider_delve, drop_trap, nicolae_spider_bug_shape
Slime:1:  layout_caves
Slime:2:  layout_caves, uniq_dissolution
Slime:3:  layout_caves, nicolae_slime_barrier
Slime:4:  layout_caves
Slime:5
Orc:1:    layout_caves, serial_shops, nicolae_square_shop, uniq_erica
Orc:2:    st_orc_ogre_mass, layout_caves, serial_shops, shop,
          kennysheep_orc_chapel
Depths:1: evilmike_iron_armoury, layout_honeycomb, enter_ziggurat_b,
          elyvilon_altar_4, grunt_metal_band, minmay_microvault, uniq_nikola

Skill      XL: |  1  2  3  4  5  6  7  8  9 10 11 12 13 14 15 16 |
---------------+-------------------------------------------------+-----
Unarmed Combat | 3 4 5 6 7 9 11 13 15 16 17 18 | 18.9
Fighting       | 3 4 5 6 7 8 10 11 12 13 14 | 14.2
Armour         | 4 6 8 9 10 11 | 11.4
Evocations     | 2 4 6 8 |  8.8
Dodging        | |  2.4
Shields        | |  2.4

Action                   |  1- 3 |  4- 6 |  7- 9 | 10-12 | 13-15 | 16-18 || total
-------------------------+-------+-------+-------+-------+-------+-------++-------
Melee: Unarmed           |    81 |   116 |   234 |   498 |  1119 |   170 ||  2218
       Kick              |       |       |       |       |       |    62 ||    62
Invok: Slimify           |       |       |       |       |       |     4 ||     4
Evoke: Wand              |       |       |       |    23 |     3 |     6 ||    32
       Phantom mirror    |       |       |       |       |     1 |     1 ||     2
  Use: Potion            |       |       |     3 |     3 |     2 |     8 ||    16
       Scroll            |       |       |       |    18 |     8 |     5 ||    31
 Stab: Sleeping          |       |     1 |       |       |     1 |       ||     2
Armor: Robe              |    27 |    27 |    79 |    17 |   102 |       ||   252
       Troll leather arm |       |       |       |   113 |    76 |       ||   189
       Ice dragon scales |       |       |       |       |   374 |    65 ||   439
       Skin              |       |       |       |       |     1 |       ||     1
Dodge: Dodged            |    27 |    29 |    88 |   233 |   536 |    58 ||   971
Block: Kite shield       |    21 |    29 |    86 |   158 |   451 |    50 ||   795

Table legend: (Time is in decaauts)
 A = Elapsed time spent in this place.
 B = Non-inter-level travel time spent in this place.
 C = Inter-level travel time spent in this place.
 D = Time resting spent in this place.
 E = Time spent auto-exploring this place.
 F = Levels seen in this place.
 G = Mean time per level.
                   A        B        C        D        E       F      G
               +--------+--------+--------+--------+--------+-----+--------+
         Total |  19804 |  18016 |   1788 |    728 |  12176 |  33 |  600.1 |
       Dungeon |  10529 |   9557 |    972 |    372 |   7201 |  15 |  701.9 |
        Temple |     91 |     54 |     37 |      0 |     53 |   1 |   91.0 |
          Lair |   5691 |   5002 |    689 |    189 |   3247 |   6 |  948.5 |
   Spider Nest |     95 |     95 |      0 |      0 |     21 |   1 |   95.0 |
    Slime Pits |    632 |    600 |     32 |      0 |    344 |   5 |  126.4 |
  Orcish Mines |   1102 |   1047 |     55 |     86 |    578 |   2 |  551.0 |
        Depths |    795 |    795 |      0 |     81 |    259 |   1 |  795.0 |
         Sewer |    182 |    182 |      0 |      0 |    118 |   1 |  182.0 |
      Ice Cave |    684 |    684 |      0 |      0 |    353 |   1 |  684.0 |
               +--------+--------+--------+--------+--------+-----+--------+

Top non-repeatable levels by time:
     D:5: 1116 daAuts
  Lair:6: 1107 daAuts
  Lair:3: 1047 daAuts
     D:7: 1039 daAuts
  Lair:5: 986 daAuts
    D:12: 961 daAuts
    D:11: 920 daAuts
  Lair:4: 888 daAuts
  Lair:2: 832 daAuts
  Lair:1: 829 daAuts
Depths:1: 795 daAuts
    D:15: 786 daAuts
    D:13: 746 daAuts
     D:8: 732 daAuts
     D:6: 694 daAuts
